 Dungeon Crawl Stone Soup version 0.24.0-37-gcf1ca852f1 (webtiles) character file.

Game seed: 16291834876678728433, levelgen mode: deterministic

86 Delamore the Chopper (level 4, -1/39 HPs)
             Began as a Hill Orc Fighter on Nov 29, 2019.
             Killed from afar by an orc wizard (2 damage)
             ... with a puff of frost
             ... on level 3 of the Dungeon.
             The game lasted 00:01:20 (1916 turns).

Delamore the Chopper (Hill Orc Fighter)             Turns: 1916, Time: 00:01:21

Health: -1/39      AC:  6    Str: 19    XL:     4   Next: 49%
Magic:  4/4        EV:  7    Int:  8    God:
Gold:   117        SH:  9    Dex: 10    Spells: 3/3 levels left

rFire    . . .     SeeInvis .   a - +0 war axe
rCold    . . .     Gourm    .   c - +0 shield
rNeg     . . .     Faith    .   b - +0 scale mail
rPois    .         Spirit   .   (no helmet)
rElec    .         Reflect  .   (no cloak)
rCorr    .         Harm     .   (no gloves)
MR       .....                  (no boots)
Stlth    ..........             (no amulet)
HPRegen  0.13/turn              (no ring)
MPRegen  0.09/turn              (no ring)

@: no status effects
A: no striking features
a: no special abilities


You were on level 3 of the Dungeon.
You were not hungry.

You visited 1 branch of the dungeon, and saw 3 of its levels.

You collected 117 gold pieces.

Inventory:

Hand Weapons
 a - a +0 war axe (weapon)
Armour
 b - a +0 scale mail (worn)
 c - a +0 shield (worn)
Scrolls
 e - a scroll of amnesia {unknown}
 g - a scroll of fear {unknown}
 h - 9 scrolls of identify {unknown}
 i - a scroll of enchant armour {unknown}
Potions
 d - 3 potions of might
Comestibles
 f - 5 rations


   Skills:
 - Level 3.6 Fighting
 + Level 6.1 Axes
 - Level 3.2 Armour
 - Level 3.2 Shields


You had 3 spell levels left.
You didn't know any spells.
Your spell library was empty.

Dungeon Overview and Level Annotations

Branches:
Dungeon (3/15)

Altars:
Vehumet


Message History

You are too injured to fight recklessly!
You are too injured to fight recklessly!
You are too injured to fight recklessly!
You are too injured to fight recklessly!
You are too injured to fight recklessly!
You are too injured to fight recklessly!
Unknown command.
You closely miss the orc. You closely miss something.
You hear some strange, mumbled words.
A puff of frost appears from out of thin air!
The puff of frost hits you!
* * * LOW HITPOINT WARNING * * *
You block the orc's attack. Something hits you but does no damage.
You barely miss the orc. You barely miss something.
Something hits you but does no damage. The orc hits you with a +0 mace.
* * * LOW HITPOINT WARNING * * *
You hear some strange, mumbled words.
A puff of frost appears from out of thin air!
The puff of frost hits you.
You die...

#...(.............#
#....(...†.....>..#
#..######.#...#.###
#..##.....#####.#..
#..##.....# #.#.#
#..##.....# #.#.#
#..##.....#####.#.######
................#{b.....
###.#...........@oo.....
......†..#########......
###.#....# .....
#...#.#### .... #.###.#
... #.###.# .. #...#.# .
###.#.# ....#.#


You could see 2 orcs and a bat.

Vanquished Creatures
  4 adders
  2 worms (D:2)
  2 bats
  6 giant cockroaches
  7 goblins
  5 hobgoblins
  3 jackals (D:2)
  A ball python (D:2)
  5 frilled lizards
  7 kobolds
  2 rats
44 creatures vanquished.

Notes
Turn   | Place    | Note
-------+----------+-------------------------------------------
     0 | D:1      | Delamore the Hill Orc Fighter began the quest for the Orb.
     0 | D:1      | Reached XP level 1. HP: 19/19 MP: 1/1
    37 | D:1      | Reached skill level 3 in Axes
   235 | D:1      | Reached XP level 2. HP: 26/26 MP: 2/2
   606 | D:1      | Reached skill level 4 in Axes
  1025 | D:2      | Reached XP level 3. HP: 26/31 MP: 3/3
  1059 | D:2      | Reached skill level 5 in Axes
  1481 | D:2      | Reached XP level 4. HP: 39/39 MP: 4/4
  1806 | D:3      | Found a radiant altar of Vehumet.
  1908 | D:3      | Reached skill level 6 in Axes
  1916 | D:3      | HP: 1/39 [orc/+0 mace (1)]
  1916 | D:3      | Killed from afar by an orc wizard

Levels and vault maps discovered:
D:1:      psy_arrival_fountain, layout_basic, minmay_misc_feat_nine_boxes,
          minmay_misc_feat_rows
D:2:      layout_loops_cross, first_ration
D:3:      layout_basic, vehumet_crystals, chequers_serial_rivers_room_a

Skill      XL: |  1  2  3  4 |
---------------+-------------+-----
Axes           | 3 4 5 6 |  6.1
Fighting       | |  3.6
Armour         | |  3.2
Shields        | |  3.2

Action                   |  1- 3 |  4- 6 || total
-------------------------+-------+-------++-------
Melee: War axe           |    88 |    36 ||   124
  Eat: Chunk             |     2 |     1 ||     3
Armor: Scale mail        |    33 |    16 ||    49
Dodge: Dodged            |    25 |    11 ||    36
Block: Shield            |    37 |    16 ||    53
